 Dungeon Crawl Stone Soup version 0.26.1-2-gb8aa6d0cf2 (webtiles) character file.

Game seed: 1395223050523409552

21600 nightchill the Spear-Bearer (level 12, -4/154 HPs)
             Began as a Merfolk Fighter on Mar 22, 2021.
             Was an Initiate of Gozag.
             Slain by an 11-headed hydra (8 damage)
             ... on level 4 of the Lair of Beasts.
             The game lasted 00:35:12 (15506 turns).

nightchill the Spear-Bearer (Merfolk Fighter)      Turns: 15506, Time: 00:35:13

Health: -4/154     AC: 18    Str: 20    XL:     12   Next: 91%
Magic:  12/12      EV: 18    Int: 20    God:    Gozag
Gold:   1789       SH:  0    Dex: 10    Spells: 11/11 levels left

rFire    + + .     SeeInvis .   k - +8 halberd (protect)
rCold    . . .     Faith    .   (shield currently unavailable)
rNeg     . . .     Spirit   .   t - +3 leather armour {Will+}
rPois    .         Reflect  .   I - +0 hat of the Evil One {Harm rF++ Regen+ Dex-4}
rElec    .         Harm     +   O - +2 cloak
rCorr    .         Rampage  .   L - +0 pair of gloves
Will     +....                  (no boots)
Stlth    ..........             H - amulet of the acrobat
HPRegen  0.75/turn              j - +6 ring of intelligence
MPRegen  0.13/turn              C - +6 ring of intelligence

@: mighty, brilliant, berserking, gold aura, protection aura, very quick
A: change form in water, swift swim, stealthy swim
a: Renounce Religion, Potion Petition, Call Merchant, Bribe Branch


You were on level 4 of the Lair of Beasts.
You worshipped Gozag.
Gozag was most pleased with you.
You visited 2 branches of the dungeon, and saw 14 of its levels.
You also visited: Sewer.

You collected 2682 gold pieces.
You spent 297 gold pieces at shops.
You paid 596 gold pieces to Gozag.

Inventory:

Hand Weapons
 a - a +1 trident
 k - a +8 halberd of protection (weapon)
 x - a +0 glaive
Armour
 b - a +0 scale mail
 c - a +0 kite shield
 o - a +0 ring mail
 t - a +3 leather armour of willpower (worn)
 D - +0 acid dragon scales
 I - the +0 hat of the Evil One (worn) {Harm rF++ Regen+ Dex-4}
   (You bought it in a shop on level 8 of the Dungeon)

   It affects your dexterity (-4).
   It greatly protects you from fire.
   It increases your rate of regeneration.
   It increases damage dealt and taken.
 J - a +4 scale mail of poison resistance
 L - a +0 pair of gloves (worn)
 O - a +2 cloak (worn)
Jewellery
 j - a +6 ring of intelligence (left hand)
 u - an uncursed amulet of reflection
 C - a +6 ring of intelligence (right hand)
 H - an amulet of the acrobat (around neck)
Wands
 m - a wand of digging (2)
 A - a wand of flame (44)
 K - a wand of paralysis (2)
 M - a wand of iceblast (5)
 P - a wand of polymorph (12)
Scrolls
 d - a scroll of enchant weapon
 f - 4 scrolls of identify
 g - 5 scrolls of amnesia
 i - a scroll of fear
 l - 2 scrolls of remove curse
 n - 3 scrolls of noise
 s - 6 scrolls of teleportation
 v - a scroll of blinking
 y - 3 scrolls of magic mapping
 E - a scroll of enchant armour
 F - a scroll of silence
 R - a scroll of acquirement
Potions
 e - a potion of magic
 h - a potion of invisibility
 p - 2 potions of mutation
 q - 4 potions of flight
 r - 2 potions of degeneration
 w - a potion of cancellation
 z - 2 potions of curing
 G - 4 potions of ambrosia
 Q - 2 potions of resistance


   Skills:
 + Level 12.6 Fighting
 - Level 14.0 Polearms
 * Level 7.4 Armour
 * Level 13.2 Dodging
 - Level 6.0 Shields


You had 11 spell levels left.
You didn't know any spells.
Your spell library contained the following spells:

 Spells                   Type           Power        Failure   Level
 Animate Skeleton         Necr           0%           22%         1
 Apportation              Tloc           0%           22%         1
 Corona                   Hex            0%           22%         1
 Pain                     Necr           0%           22%         1
 Sandblast                Erth           0%           22%         1
 Summon Small Mammal      Summ           0%           22%         1
 Passwall                 Tmut/Erth      0%           32%         2
 Confusing Touch          Hex            0%           54%         3
 Gell's Gravitas          Tloc           0%           54%         3
 Stone Arrow              Conj/Erth      0%           54%         3
 Vampiric Draining        Necr           0%           54%         3
 Animate Dead             Necr           0%           91%         4
 Petrify                  Tmut/Erth      0%           91%         4
 Agony                    Necr           0%           99%         5
 Lee's Rapid Deconstruct  Erth           0%           99%         5
 Metabolic Englaciation   Hex/Ice        0%           99%         5
 Yara's Violent Unravell  Hex/Tmut       0%           99%         5


Dungeon Overview and Level Annotations

Branches:
Dungeon (10/15)            Temple (0/1) D:6            Lair (4/6) D:9
  Swamp (0/4) Lair:2        Snake (0/4) Lair:3        Sewer (visited)
    Orc: D:9-12

Altars:
Cheibriados
Elyvilon
Gozag
Kikubaaqudgha
Makhleb
Nemelex Xobeh
Qazlal
Ru
Sif Muna
Uskayaw
Vehumet
Wu Jian
Xom
Yredelemnul
Zin
The Shining One

Shops:
D:5 }   D:7 [   D:8 [

Annotations:
D:4 exclusion: 2 downstairs
D:9 2 transporters, rnawigator's ghost, novice DrTm
Lair:1 exclusion: downstairs


Message History

The ten-headed hydra misses you.
You completely miss the ten-headed hydra.
The ten-headed hydra is heavily wounded.
The ten-headed hydra misses you.
The ten-headed hydra closely misses you.
The ten-headed hydra bites you.
* * * LOW HITPOINT WARNING * * *
The ten-headed hydra bites you but does no damage.
The ten-headed hydra misses you. The ten-headed hydra barely misses you.
The ten-headed hydra bites you but does no damage.
The ten-headed hydra closely misses you.
The ten-headed hydra misses you. The ten-headed hydra barely misses you.
You completely miss the ten-headed hydra.
The ten-headed hydra is heavily wounded.
You lop one of the ten-headed hydra's heads off!
The nine-headed hydra grows two more!
You hit the 11-headed hydra.
The 11-headed hydra is heavily wounded.
The 11-headed hydra bites you!
You die...
Your body crumbles into a pile of gold.

.#####.P##..#....
<.................
..................
.PP.............# ....
#PP.#...........## ..$.
####.............# ....
#P............####..##
##...........###P#...###
#............@D........#
..................$.......
.........###....)..$.......
##.....#.. #....P.##(......
#####.#.. ##....## .......
.....# #...## ....... .. ..
....... ....... ........
....... ...... .......


You could see a 11-headed hydra.

Vanquished Creatures
  Kirke (Lair:3)
  6 hydras
  Harold (D:8)
  A two-headed ogre (D:8)
  A boulder beetle (Lair:4)
  2 black mambas
  9 cane toads
  Maggie (D:7)
  5 komodo dragons
  A tyrant leech (Lair:2)
  Grinder (D:3)
  A hornet (D:7)
  A wyvern (Lair:2)
  3 hogs (Lair:3)
  Eustachio (D:5)
  A basilisk (Lair:2)
  11 yaks
  Menkaure (D:5)
  2 nagas (Lair:3)
  A swamp worm (Lair:2)
  Duvessa (D:5)
  3 water moccasins
  3 orc warriors
  3 sky beasts
  A phantom (D:7)
  A black bear (D:9)
  4 ogres
  A centaur (D:8)
  5 wolves
  A big kobold (D:8)
  10 bullfrogs
  Dowan (D:5)
  5 scorpions
  6 killer bees
  7 wights
  A howler monkey (D:7)
  5 hounds
  A jelly (D:9)
  10 orc priests
  17 orc wizards
  A bullfrog skeleton (D:6)
  3 centaur skeletons
  2 iguanas (D:4)
  11 worker ants
  2 hound skeletons
  A mummy (D:7)
  A howler monkey zombie (D:5)
  11 gnolls
  14 adders
  A river rat (D:6)
  2 white imps (D:7)
  An ufetubus (D:8)
  An adder zombie (D:9)
  An adder skeleton (D:4)
  A worm (D:5)
  A dart slug (D:2)
  6 leopard geckos
  29 orcs
  7 ball pythons
  6 bats
  6 giant cockroaches
  8 goblins
  8 hobgoblins
  11 jackals
  2 quokkas
  4 frilled lizards
  23 kobolds
  A quokka skeleton (D:4)
  10 rats
312 creatures vanquished.

Vanquished Creatures (others)
  A kobold (D:8)
  19 fungi
  27 plants
47 creatures vanquished.

Grand Total: 359 creatures vanquished

Notes
Turn   | Place    | Note
-------+----------+-------------------------------------------
     0 | D:1      | nightchill the Merfolk Fighter began the quest for the Orb.
     0 | D:1      | Reached XP level 1. HP: 18/18 MP: 1/1
   161 | D:1      | Reached XP level 2. HP: 19/24 MP: 2/2
   308 | D:1      | Reached skill level 4 in Polearms
   727 | D:1      | Reached XP level 3. HP: 30/30 MP: 3/3
  1076 | D:2      | Reached skill level 5 in Polearms
  1180 | D:2      | Reached XP level 4. HP: 30/37 MP: 4/4
  1429 | D:2      | Found a burning altar of Makhleb.
  1559 | D:2      | Found a hide-covered altar of Uskayaw.
  1620 | D:2      | Found a white marble altar of Elyvilon.
  1700 | D:2      | Found a glowing golden altar of the Shining One.
  2038 | D:3      | Noticed Grinder
  2047 | D:3      | Paralysed by Grinder for 3 turns
  2049 | D:3      | HP: 1/37 [Grinder (6)]
  2050 | D:3      | Killed Grinder
  2051 | D:3      | Reached skill level 5 in Fighting
  2051 | D:3      | Reached skill level 7 in Polearms
  2051 | D:3      | Reached XP level 5. HP: 1/44 MP: 5/5
  2051 | D:3      | Reached XP level 6. HP: 1/51 MP: 6/6
  2449 | D:3      | Reached skill level 8 in Polearms
  3302 | D:4      | Found a stormy altar of Qazlal.
  3602 | D:4      | Found a sacrificial altar of Ru.
  3647 | D:4      | Reached XP level 7. HP: 25/56 MP: 7/7
  3886 | D:4      | Found a shimmering altar of Xom.
  3972 | D:4      | Found an opulent altar of Gozag.
  4109 | D:4      | Became a worshipper of Gozag Ym Sagoz the Greedy
  4234 | D:4      | Reached skill level 9 in Polearms
  4985 | D:5      | Entered Level 5 of the Dungeon
  4998 | D:4      | Reached skill level 10 in Polearms
  5458 | D:5      | Reached XP level 8. HP: 64/65 MP: 8/8
  5606 | D:5      | Found a sparkling altar of Nemelex Xobeh.
  5797 | D:5      | Noticed Menkaure
  5799 | D:5      | Killed Menkaure
  5800 | D:5      | Reached skill level 11 in Polearms
  5917 | D:5      | Found Olluf's Gadget Shop.
  5918 | D:5      | Noticed Eustachio
  5933 | D:5      | Killed Eustachio
  6030 | D:5      | Found a basalt altar of Yredelemnul.
  6057 | D:5      | Noticed Dowan
  6057 | D:5      | Noticed Duvessa
  6079 | D:5      | Killed Duvessa
  6080 | D:5      | Reached skill level 12 in Polearms
  6083 | D:5      | Killed Dowan
  6344 | D:5      | Found a radiant altar of Vehumet.
  6549 | D:6      | Found an ancient bone altar of Kikubaaqudgha.
  6727 | D:6      | Found a glowing drain.
  6731 | Sewer    | Entered a sewer
  7670 | D:6      | Found a staircase to the Ecumenical Temple.
  7718 | D:6      | Reached XP level 9. HP: 66/74 MP: 9/9
  7901 | D:6      | Reached skill level 13 in Polearms
  9021 | D:7      | Noticed Maggie
  9042 | D:7      | Killed Maggie
  9043 | D:7      | Reached skill level 14 in Polearms
  9263 | D:7      | Found Aghiquaf's Armour Shoppe.
  9474 | D:7      | Noticed a hornet
  9479 | D:7      | Killed a hornet
  9561 | D:7      | Reached skill level 10 in Fighting
  9574 | D:7      | Reached skill level 1 in Dodging
  9635 | D:7      | Found an ornate altar of the Wu Jian Council.
  9846 | D:7      | Found a snail-covered altar of Cheibriados.
 10064 | D:8      | Reached XP level 10. HP: 76/85 MP: 10/10
 10676 | D:8      | Found Edoikhlo's Antique Armour Boutique.
 10684 | D:8      | Bought a twisted hat for 297 gold pieces
 10689 | D:8      | Identified the +0 hat of the Evil One {Harm rF++ Regen+
                  | Dex-4} (You bought it in a shop on level 8 of the Dungeon)
 10782 | D:8      | Noticed Harold
 10838 | D:8      | Found a shimmering blue altar of Sif Muna.
 10838 | D:8      | Noticed a two-headed ogre
 10863 | D:8      | Killed a two-headed ogre
 10864 | D:8      | Reached skill level 5 in Dodging
 10864 | D:8      | Reached skill level 5 in Shields
 10884 | D:8      | Killed Harold
 11382 | D:9      | Reached XP level 11. HP: 93/93 MP: 11/11
 11460 | D:9      | Found a transporter.
 11489 | D:9      | Noticed rnawigator's ghost (novice DrTm)
 11506 | D:9      | Found a transporter.
 11791 | D:9      | Found a staircase to the Lair.
 11876 | D:9      | Found a glowing silver altar of Zin.
 11943 | D:10     | Entered Level 10 of the Dungeon
 11962 | Lair:1   | Entered Level 1 of the Lair of Beasts
 12909 | Lair:2   | Noticed an eight-headed hydra
 12922 | Lair:2   | Killed a 17-headed hydra
 12926 | Lair:2   | Reached skill level 10 in Dodging
 12961 | Lair:2   | Noticed a six-headed hydra
 12964 | Lair:2   | Reached skill level 5 in Armour
 13291 | Lair:2   | You fall into a shaft and drop 1 floor!
 13297 | Lair:3   | Found a staircase to the Snake Pit.
 13526 | Lair:3   | Reached XP level 12. HP: 102/102 MP: 12/12
 14230 | Lair:2   | Noticed an eight-headed hydra
 14239 | Lair:2   | Killed an eight-headed hydra
 14411 | Lair:2   | Noticed a four-headed hydra
 14413 | Lair:2   | Noticed a five-headed hydra
 14437 | Lair:2   | Killed a four-headed hydra
 14444 | Lair:2   | Killed a five-headed hydra
 14593 | Lair:2   | Found a staircase to the Swamp.
 14690 | Lair:2   | Killed a six-headed hydra
 15114 | Lair:4   | Noticed a six-headed hydra
 15133 | Lair:4   | Killed a 12-headed hydra
 15283 | Lair:4   | Noticed a boulder beetle
 15297 | Lair:4   | Killed a boulder beetle
 15314 | Lair:4   | Noticed Kirke
 15350 | Lair:3   | Identified a scroll of acquirement
 15368 | Lair:3   | Killed Kirke
 15490 | Lair:4   | Noticed an eight-headed hydra
 15504 | Lair:4   | HP: 3/154 [ten-headed hydra (7)]
 15506 | Lair:4   | Slain by an 11-headed hydra

Illustrated notes

Levels and vault maps discovered:
D:1:      saegor_arrival_simple_c, layout_basic
D:2:      layout_loops_corners, lemuel_crystal_altar, tso_oasis_becter,
          elyvilon_altar_3, lemuel_doored_altar
D:3:      layout_loops_corners, serial_rivers, chequers_serial_rivers_small_a,
          chequers_serial_rivers_micro_e, chequers_serial_rivers_small_b,
          chequers_serial_rivers_marsh, chequers_serial_rivers_room_a,
          chequers_serial_rivers_micro_d, uniq_grinder
D:4:      layout_cave_pods, kennysheep_little_box, nicolae_gozag_seed_capital,
          minitemple, chequers_serial_rivers_room_a
D:5:      layout_basic, marbit_many_paths, nicolae_overflow_crystal_walls,
          serial_shops, shop, minmay_misc_feat_enclosed, minmay_misc_feat_roman,
          nemelex_xobeh_ov_fountains_minmay, uniq_eustachio, uniq_menkaure,
          uniq_duvessa
D:6:      minmay_skewed_foursquare, layout_basic, kiku_gazebo_pond_becter,
          temple_hall, gup_sewer_entry_bowl, minmay_misc_feat_rugged
D:7:      layout_basic, slow_altar_1, nzn_wu_jian_contemplation, serial_shops,
          shop, uniq_maggie
D:8:      layout_basic, old_standard_altar, serial_shops, shop,
          grunt_decor_arrowhead, uniq_harold
D:9:      layout_irregular_city, zin_statuary, grunt_lair_entry_orc_guard_hut,
          nzn_ghost_randoct
D:10:     layout_long_grid, grunt_ministairs_4, uniq_gastronok, uniq_urug
Lair:1:   layout_roguey
Lair:2:   layout_chaotic_city, palyth_hydra_swamp_entry
Lair:3:   layout_regular_city, guppyfry_snake_entry_garden
Lair:4:   layout_small_grid, maelrawn_ghost_gauntlet_escape,
          roderic_carrion_pond, minmay_lair_oklob_chamber, grunt_megastairs_3,
          uniq_josephine, uniq_kirke

Skill      XL: |  1  2  3  4  5  6  7  8  9 10 11 12 |
---------------+-------------------------------------+-----
Polearms       | 4 5 7 8 10 12 14 | 14.0
Fighting       | 4 5 6 7 10 11 12 | 12.6
Dodging        | 2 7 11 13 | 13.2
Shields        | 6 |  6.0
Armour         | 3 5 7 |  7.4

Action                   |  1- 3 |  4- 6 |  7- 9 | 10-12 || total
-------------------------+-------+-------+-------+-------++-------
Melee: Trident           |   112 |   163 |   494 |   215 ||   984
       Tailslap          |       |       |     2 |       ||     2
       Halberd           |       |       |       |   330 ||   330
Throw: Throwing net      |       |       |       |     2 ||     2
Invok: Potion Petition   |       |       |       |     2 ||     2
Evoke: Wand              |       |       |     9 |     7 ||    16
  Use: Potion            |     1 |     2 |     4 |     7 ||    14
       Scroll            |       |     7 |     6 |    11 ||    24
 Stab: Distracted        |       |       |     5 |       ||     5
       Sleeping          |       |       |     3 |       ||     3
       Invisible         |       |       |       |     7 ||     7
       Held in net/web   |       |       |       |     2 ||     2
       Paralysed         |       |       |       |     6 ||     6
Armor: Scale mail        |    25 |       |       |       ||    25
       Ring mail         |    16 |    33 |    26 |       ||    75
       Leather armour    |       |       |    43 |   122 ||   165
       Skin              |       |       |       |    18 ||    18
Dodge: Dodged            |    15 |    29 |    75 |   270 ||   389
Block: Kite shield       |    32 |    54 |   124 |    64 ||   274
       Reflection        |       |       |     4 |     8 ||    12
       Other             |       |       |       |    16 ||    16
